 Dungeon Crawl Stone Soup version 0.21-a0-140-g479285b (webtiles) character file.

10388 qqqbard the Cleaver (level 11, -8/99 HPs)
             Began as a Hill Orc Fighter on July 19, 2017.
             Was a High Priest of Beogh.
             Hit by a large rock thrown by a cyclops (35 damage)
             ... on level 11 of the Dungeon.
             The game lasted 00:25:29 (11410 turns).

qqqbard the Cleaver (Hill Orc Fighter)             Turns: 11410, Time: 00:25:31

Health: -8/99      AC:  7    Str: 23    XL:     11   Next: 61%
Magic:  0/11       EV: 11    Int:  8    God:    Beogh [*****.]
Gold:   456        SH: 12    Dex: 10    Spells: 10/10 levels left

rFire    + . .     SeeInvis .   T - +0 broad axe
rCold    + . .     Gourm    .   c - +1 shield
rNeg     . . .     Faith    .   y - +0 scale mail {rF+}
rPois    +         Spirit   +   k - +2 helmet
rElec    .         Reflect  .   I - +0 cloak
rCorr    .         Harm     .   r - +1 pair of gloves
MR       .....                  (no boots)
Stlth    ..........             j - amulet of guardian spirit
HPRegen  0.26/turn              p - ring of poison resistance
MPRegen  0.12/turn              v - ring of protection from cold

@: corroded
A: walk on water
a: Smiting, Recall Orcish Followers, Give Item to Named Follower, Renounce
Religion


You were on level 11 of the Dungeon.
You worshipped Beogh.
Beogh was extremely pleased with you.
You were not hungry.

You visited 1 branch of the dungeon, and saw 11 of its levels.
You also visited: Sewer.

You collected 456 gold pieces.

Inventory:

Hand Weapons
 S - a +1 hand axe of flaming
 T - a +0 broad axe (weapon)
Armour
 c - a +1 shield (worn)
 k - a +2 helmet (worn)
 r - a +1 pair of gloves (worn)
 y - a +0 scale mail of fire resistance (worn)
 I - a +0 cloak (worn)
Jewellery
 j - an amulet of guardian spirit (around neck)
 p - a ring of poison resistance (left hand)
 v - a ring of protection from cold (right hand)
 F - an uncursed ring of stealth
 P - an uncursed amulet of the gourmand
Wands
 m - a wand of iceblast (14/15)
 E - a wand of acid (8/15)
 Q - a wand of acid (9/15)
Scrolls
 e - 6 scrolls of teleportation {unknown}
 i - 5 scrolls of remove curse
 q - a scroll of fear {unknown}
 t - a scroll of amnesia
 A - 4 scrolls of identify
 C - 2 scrolls of vulnerability {unknown}
 D - a scroll of fog {unknown}
 G - a scroll of enchant weapon
 H - a scroll of immolation {unknown}
 J - 3 scrolls of blinking {unknown}
 N - 2 scrolls of magic mapping
 O - 2 scrolls of recharging
Potions
 b - 2 potions of degeneration {unknown}
 d - 3 potions of might
 h - 2 potions of resistance
 l - a potion of brilliance
 n - a potion of flight
 o - 2 potions of heal wounds
 s - a potion of cancellation {unknown}
 u - a potion of ambrosia {unknown}
 x - 2 potions of agility {unknown}
 B - 2 potions of curing {unknown}
 K - 3 potions of lignification {unknown}
 L - a potion of magic {unknown}
 R - a potion of mutation {unknown}
Comestibles
 f - 11 bread rations
 g - 3 fruits
 w - 17 chunks of flesh
 z - 3 royal jellies
 M - a meat ration


   Skills:
 + Level 9.7 Fighting
 * Level 13.1 Axes
 + Level 8.9 Armour
 + Level 6.2 Dodging
 + Level 8.6 Shields


You had 10 spell levels left.
You didn't know any spells.

Dungeon Overview and Level Annotations

Branches:
Dungeon (11/15)            Temple (0/1) D:5            Lair (0/6) D:9
    Orc (0/2) D:9

Altars:
Ashenzari
Cheibriados
Elyvilon
Fedhas
Gozag
Sif Muna
Trog
Uskayaw
Vehumet
Xom
The Shining One

Shops:
D:7 (   D:9 (

Annotations:
D:2 exclusion: oklob plant
D:7 Blork the orc


Message History

You block the brown ugly thing's attack.
Your shield and scale mail prevent you from hitting the brown ugly thing.
The brown ugly thing is almost dead.
The brown ugly thing tentacle-slaps you.
You are splashed with acid!
The acid burns!
* * * LOW HITPOINT WARNING * * *
Unknown command.
You swap places.
Your orc no longer looks unusually strong.
Bogbarth completely misses the brown ugly thing.
The brown ugly thing tentacle-slaps Bogbarth.
Bogbarth is splashed with acid.
The acid corrodes Bogbarth!
Your orc warrior no longer looks unusually strong.
Bogbarth hits the brown ugly thing!
The brown ugly thing dies!
Beogh accepts your kill.
Your orc priest looks encouraged for a moment.
The cyclops throws a large rock.
The large rock barely misses Bogbarth.
The large rock hits you!!!
You die... #### ...# ..(# ...+ ...# ...# #.###### ...# #.aC†o@### #### ######ooo# ..# ###o## #o## #oo# ooo### ##o# o.ooo##

#########o## ####+####
...#o.### #...).oo.o.#
#........ ...##oo)#
#.....oo...# #..).....
...####o###.oo.......+
#<..(oooo


You could see a cyclops, a worker ant, a friendly orc knight, the friendly
Bogbarth the orc knight, 4 friendly orc warriors, a friendly orc priest and 2
friendly orcs.

Vanquished Creatures
  A two-headed ogre (D:8)
  A cyclops (D:11)
  Joseph (D:10)
  A troll (D:9)
  Grinder (D:6)
  A spriggan (D:7)
  A yak (D:9)
  A wraith (D:11)
  A hungry ghost (D:11)
  3 wargs (D:9)
  An acid dragon (D:9)
  3 orc warriors
  2 ice beasts
  3 black bears
  2 sky beasts
  5 ogres
  A centaur (D:5)
  A phantom (D:7)
  2 big kobolds
  A gnoll sergeant (D:9)
  5 bullfrogs
  A wyvern skeleton (D:6)
  3 scorpions
  4 wights (D:6)
  8 killer bees
  4 howler monkeys
  6 crimson imps
  4 hounds
  A quasit (D:10)
  A centaur zombie (D:9)
  2 bullfrog zombies
  4 jellies
  10 orc priests
  7 orc wizards
  3 iguanas
  11 worker ants
  2 hound zombies
  3 hound skeletons
  Robin (D:2)
  7 gnolls
  12 adders
  2 river rats (Sewer)
  A shadow imp (D:9)
  5 oozes
  An adder zombie (D:7)
  5 worms
  A dart slug (D:1)
  A leopard gecko (D:3)
  22 orcs
  5 bats
  6 giant cockroaches
  20 goblins
  7 hobgoblins
  13 jackals
  25 kobolds
  4 quokkas
  9 ball pythons
  6 frilled lizards
  A leopard gecko skeleton (D:4)
  13 rats
  3 plants (D:9)
282 creatures vanquished.

Vanquished Creatures (collateral kills)
  A hydra (D:11)
  The ghost of qqqbard the Cleaver, a novice HOFi of Beogh (D:7)
  An ugly thing (D:11)
  A komodo dragon (D:9)
  A troll (D:9)
  3 hippogriffs
  A wyvern (D:10)
  3 yaks (D:9)
  An acid dragon (D:11)
  An orc warrior (D:7)
  A black bear (D:7)
  An ice beast (D:10)
  A necrophage (D:7)
  A phantom (D:8)
  4 big kobolds
  A bullfrog (D:7)
  4 killer bees (D:9)
  2 howler monkeys (D:8)
  A centaur zombie (D:8)
  2 crimson imps (D:9)
  A bullfrog zombie (D:7)
  2 hounds
  3 orc priests
  An iguana (D:9)
  An orc wizard (D:6)
  2 worker ants
  2 gnolls (D:9)
  An adder (D:10)
  2 leopard geckos
  8 orcs
  2 kobolds
  5 plants (D:9)
62 creatures vanquished.

Vanquished Creatures (others)
  2 orc warriors
  An orc priest (D:11)
  An adder (D:4)
  10 orcs
  A goblin (D:2)
  A plant (D:9)
  11 toadstools (D:2)
27 creatures vanquished.

Grand Total: 371 creatures vanquished

Notes
Turn   | Place    | Note
-------+----------+-------------------------------------------
     0 | D:1      | qqqbard the Hill Orc Fighter began the quest for the Orb.
     0 | D:1      | Reached XP level 1. HP: 19/19 MP: 1/1
   333 | D:1      | Reached skill level 3 in Axes
   333 | D:1      | Reached XP level 2. HP: 26/27 MP: 2/2
   582 | D:1      | Reached skill level 1 in Dodging
   597 | D:1      | Reached XP level 3. HP: 30/33 MP: 3/3
   944 | D:2      | Found a white marble altar of Elyvilon.
   955 | D:2      | Noticed Robin
   987 | D:2      | Killed Robin
  1051 | D:2      | Reached skill level 4 in Axes
  1051 | D:2      | Reached XP level 4. HP: 17/40 MP: 4/4
  1401 | D:2      | Found a blossoming altar of Fedhas.
  1421 | D:2      | Noticed an oklob plant
  1792 | D:3      | Reached XP level 5. HP: 36/46 MP: 5/5
  1994 | D:3      | Found a shattered altar of Ashenzari.
  2294 | D:4      | Found a blossoming altar of Fedhas.
  2294 | D:4      | Found a snail-covered altar of Cheibriados.
  2295 | D:4      | Found a shimmering altar of Xom.
  2297 | D:4      | Found an opulent altar of Gozag.
  2338 | D:4      | Reached skill level 5 in Axes
  2371 | D:4      | Reached XP level 6. HP: 38/53 MP: 4/6
  2751 | D:4      | Became a worshipper of Beogh the Brigand
  2776 | D:4      | Noticed a black bear
  2785 | D:4      | Killed a black bear
  2785 | D:4      | Reached skill level 6 in Axes
  2785 | D:4      | Reached XP level 7. HP: 14/60 MP: 1/7
  3135 | D:4      | Reached skill level 5 in Fighting
  3223 | D:5      | Entered Level 5 of the Dungeon
  3760 | D:5      | Reached skill level 5 in Armour
  3769 | D:5      | Reached XP level 8. HP: 57/70 MP: 5/8
  3834 | D:5      | Reached skill level 5 in Shields
  4003 | D:5      | Found a staircase to the Ecumenical Temple.
  4097 | D:5      | Reached * piety under Beogh
  4097 | D:5      | Reached skill level 7 in Axes
  4642 | D:6      | Found a glowing drain.
  4676 | Sewer    | Entered a sewer
  4735 | Sewer    | Reached skill level 8 in Axes
  4861 | Sewer    | Reached ** piety under Beogh
  5405 | D:6      | Reached XP level 9. HP: 78/78 MP: 9/9
  5533 | D:6      | Reached skill level 9 in Axes
  5553 | D:6      | Reached *** piety under Beogh
  5774 | D:6      | Noticed Grinder
  5780 | D:6      | Killed Grinder
  6451 | D:7      | Reached skill level 10 in Axes
  6478 | D:7      | Found Jallat's Weapon Boutique.
  6480 | D:7      | Noticed qqqbard's ghost (novice HOFi)
  6494 | D:7      | Killed qqqbard's ghost
  6494 | D:7      | Reached XP level 10. HP: 66/88 MP: 6/10
  7044 | D:7      | Gained Bogbarth as an ally
  7076 | D:7      | Noticed Blork the orc
  7082 | D:7      | Found a deep blue altar of Sif Muna.
  7159 | D:7      | Reached skill level 11 in Axes
  7161 | D:7      | Reached **** piety under Beogh
  7520 | D:8      | Noticed a two-headed ogre
  7527 | D:8      | Killed a two-headed ogre
  7527 | D:8      | Reached skill level 5 in Dodging
  7897 | D:8      | Found a bloodstained altar of Trog.
  8313 | D:8      | Found a glowing golden altar of the Shining One.
  8320 | D:8      | Found a hide-covered altar of Uskayaw.
  8612 | D:9      | Found Siphi's Weapon Emporium.
  8827 | D:9      | Found a staircase to the Lair.
  9057 | D:9      | Reached skill level 12 in Axes
  9101 | D:9      | Found a staircase to the Orcish Mines.
  9126 | D:9      | Reached XP level 11. HP: 76/95 MP: 9/11
  9198 | D:9      | Reached ***** piety under Beogh
  9482 | D:9      | Found a radiant altar of Vehumet.
  9703 | D:10     | Entered Level 10 of the Dungeon
 10335 | D:10     | Noticed Joseph
 10349 | D:10     | Killed Joseph
 11103 | D:11     | Noticed a five-headed hydra
 11111 | D:11     | Killed a five-headed hydra
 11312 | D:11     | Noticed a cyclops
 11319 | D:11     | Killed a cyclops
 11319 | D:11     | Reached skill level 13 in Axes
 11389 | D:11     | Noticed a brown ugly thing
 11392 | D:11     | Noticed a cyclops
 11410 | D:11     | Killed a brown ugly thing
 11410 | D:11     | Hit by a large rock thrown by a cyclops

Vault maps used:
D:1:      dpeg_arrival_subterranean_lakeside_camping, grunt_decor_arrowhead
D:2:      kennysheep_the_goblin_king, elyvilon_altar_4, tgw_fedhas, uniq_robin
D:3:      ashenzari_altar_1, first_bread
D:4:      black_bear_nest_2, grunt_temple_overflow_open, st_stairs_14
D:5:      minmay_temple_entry_poolview
D:6:      cheibrodos_sewer_entry_drain, nrook_mini_backslash,
          kennysheep_generic_room_3, uniq_grinder
D:7:      tgw_sif, serial_glass, glass_columns_c, glass_columns_a, serial_shops,
          shop, the_bakery, serial_park_tiny_1
D:8:      amethyst_overflow_temple_binary, david_defended_altar_orc
D:9:      nicolae_overflow_hidden_temple, david_lair_shrubbed,
          minmay_orc_entry_guard_dogs, serial_shops, shop,
          kennysheep_opposing_triangles
D:10:     uniq_joseph
D:11:     portal_ice_cave_demonic_guard, uniq_sonja
Sewer:    sewer_co_tree

Skill      XL: |  1  2  3  4  5  6  7  8  9 10 11 |
---------------+----------------------------------+-----
Axes           | 3 4 5 6 8 10 12 13 | 13.1
Dodging        | 1 2 3 4 5 6 |  6.2
Fighting       | 4 5 6 7 8 9 |  9.7
Armour         | 4 5 7 8 |  8.9
Shields        | 4 5 7 8 |  8.6

Action                   |  1- 3 |  4- 6 |  7- 9 | 10-12 || total
-------------------------+-------+-------+-------+-------++-------
Melee: War axe           |    89 |   195 |   498 |   413 ||  1195
       Broad axe         |       |       |       |    36 ||    36
Invok: Convert to Beogh  |       |     1 |       |       ||     1
  Use: Scroll            |       |     5 |     2 |     2 ||     9
       Potion            |       |       |       |     4 ||     4
 Stab: Distracted        |       |       |     2 |     2 ||     4
  Eat: Chunk             |     1 |     6 |    11 |    17 ||    35
       Fruit             |       |       |       |     3 ||     3
Armor: Scale mail        |    59 |   107 |   169 |   178 ||   513
Dodge: Dodged            |    35 |    68 |   119 |   158 ||   380
Block: Shield            |    47 |   135 |   229 |   248 ||   659
